| TOP OF THE 1ST |
|
Niagara Falls Phantoms batting - Pitching for Windy City ThunderBolts : RHP Mike Brungardt
|
|
Pitching: RHP Mike Brungardt
|
|
|
Batting: RHB Alfredo Mendez
|
0-0: Swinging Strike 0-1: Called Strike 0-2: Strikes out swinging
|
|
Batting: SHB Bruce Shelton
|
0-0: Ball 1-0: Swinging Strike 1-1: Foul Ball, location: 2F 1-2: Strikes out looking
|
|
Batting: RHB Jonathan Feldstein
|
0-0: Ball 1-0: DOUBLE (Flyball, 8LXD, EV 95.6 MPH)
|
|
Batting: RHB Scott Cuff
|
0-0: Ball 1-0: 2-RUN HOME RUN (Flyball, 7D, EV 99.4 MPH), Distance : 383 ft
|
|
Batting: RHB Bailey Hays
|
0-0: Called Strike 0-1: Ball 1-1: Swinging Strike 1-2: Foul Ball, location: 2F 1-2: SINGLE (Groundball, 4MD, EV 108.8 MPH)
|
|
Batting: RHB Jim O'Dwyer
|
0-0: Foul Ball, location: 2F 0-1: Ball 1-1: Called Strike 1-2: Foul Ball, location: 2F 1-2: Strikes out swinging
|
| Top of the 1st over - 2 runs, 3 hits, 0 errors, 1 left on base; Niagara Falls 2 - Windy City 0 |
| BOTTOM OF THE 1ST |
|
Windy City ThunderBolts batting - Pitching for Niagara Falls Phantoms : LHP Tony de la Cruz
|
|
Pitching: LHP Tony de la Cruz
|
|
|
Batting: RHB Eddie Dimas
|
0-0: Ball 1-0: SINGLE (Line Drive, 34D, EV 99.4 MPH)
|
|
Batting: RHB Joe Thomas
|
0-0: Called Strike 0-1: Ball 1-1: Called Strike 1-2: Grounds into double play, 6-4-3 (Groundball, 6, EV 91.9 MPH)
|
|
Batting: RHB Camillo Bonauiti
|
0-0: Ball 1-0: Foul Ball, location: 2F 1-1: Ball 2-1: Ball 3-1: Ground out U3 (Groundball, 34, EV 107.5 MPH)
|
| Bottom of the 1st over - 0 runs, 1 hit, 0 errors, 0 left on base; Niagara Falls 2 - Windy City 0 |
| TOP OF THE 2ND |
|
Niagara Falls Phantoms batting - Pitching for Windy City ThunderBolts : RHP Mike Brungardt
|
|
Batting: LHB Rip Log
|
0-0: Called Strike 0-1: Ball 1-1: Ball 2-1: Swinging Strike 2-2: Strikes out swinging
|
|
Batting: LHB Dave Ortiz
|
0-0: Ball 1-0: Ball 2-0: Foul Ball, location: 2F 2-1: Fly out, F9 (Flyball, 9LM, EV 84.4 MPH)
|
|
Batting: RHB Juan Perez
|
0-0: Fly out, F8 (Flyball, 8LD, EV 87.5 MPH)
|
| Top of the 2nd over - 0 runs, 0 hits, 0 errors, 0 left on base; Niagara Falls 2 - Windy City 0 |
| BOTTOM OF THE 2ND |
|
Windy City ThunderBolts batting - Pitching for Niagara Falls Phantoms : LHP Tony de la Cruz
|
|
Batting: SHB Danny Gallegos
|
0-0: Ground out 6-3 (Groundball, 6, EV 111.2 MPH)
|
|
Batting: RHB Kaoru Hamada
|
0-0: Ball 1-0: Ball 2-0: Ball 3-0: Base on Balls
|
|
Batting: RHB Nhat Phong
|
0-0: Ball 1-0: Ball 2-0: Ball 3-0: Called Strike 3-1: Foul Ball, location: 2F 3-2: Base on Balls Kaoru Hamada to second
|
|
Batting: RHB Miguel Pacheco
|
0-0: Called Strike 0-1: Foul Ball, location: 2F 0-2: Foul Ball, location: 2F 0-2: Strikes out swinging
|
|
Batting: RHB Paul Holland
|
0-0: Fly out, F3 (Popup, 3SF, EV 60.0 MPH)
|
| Bottom of the 2nd over - 0 runs, 0 hits, 0 errors, 2 left on base; Niagara Falls 2 - Windy City 0 |
| TOP OF THE 3RD |
|
Niagara Falls Phantoms batting - Pitching for Windy City ThunderBolts : RHP Mike Brungardt
|
|
Batting: RHB Alfredo Mendez
|
0-0: Called Strike 0-1: SINGLE (Groundball, 6S, EV 94.4 MPH)
|
|
Batting: SHB Bruce Shelton
|
0-0: SINGLE (Line Drive, 89S, EV 98.1 MPH) Alfredo Mendez to second Runner from 2nd tries for 3rd, SAFE, throw by RF made to third
|
|
Batting: RHB Jonathan Feldstein
|
0-0: Called Strike 0-1: Ball 1-1: Ball 2-1: Foul Ball, location: 2F 2-2: Ball 3-2: Base on Balls Bruce Shelton to second
|
|
Batting: RHB Scott Cuff
|
0-0: Ball 1-0: Called Strike 1-1: Foul Ball, location: 2F 1-2: Ground out 4-3 (Groundball, 34D, EV 103.8 MPH) Alfredo Mendez scores Bruce Shelton to third Jonathan Feldstein to second
|
|
Batting: RHB Bailey Hays
|
0-0: Fly out, F9 (Flyball, 9D, EV 101.2 MPH) Runner from 3rd tags up, SCORES, no throw by RF
|
|
Batting: RHB Jim O'Dwyer
|
0-0: Ball 1-0: Swinging Strike 1-1: Ball 2-1: Ball 3-1: Base on Balls
|
|
Batting: LHB Rip Log
|
0-0: SINGLE (Groundball, 34D, EV 94.4 MPH) Jonathan Feldstein to third Jim O'Dwyer to second Throwing error, E9 Jonathan Feldstein scores Jim O'Dwyer to third Rip Log to second
|
|
Batting: LHB Dave Ortiz
|
0-0: Foul Ball, location: 2F 0-1: Ball 1-1: Fly out, F7 (Flyball, 7, EV 81.9 MPH)
|
| Top of the 3rd over - 3 runs, 3 hits, 1 error, 2 left on base; Niagara Falls 5 - Windy City 0 |
| BOTTOM OF THE 3RD |
|
Windy City ThunderBolts batting - Pitching for Niagara Falls Phantoms : LHP Tony de la Cruz
|
|
Batting: RHB Sim Damit
|
0-0: Swinging Strike 0-1: Swinging Strike 0-2: Strikes out looking
|
|
Batting: RHB Eddie Dimas
|
0-0: Ball 1-0: DOUBLE (Line Drive, 89M, EV 90.6 MPH)
|
|
Batting: RHB Joe Thomas
|
0-0: Called Strike 0-1: Called Strike 0-2: Ground out 5-3 (Groundball, 5L, EV 110.0 MPH)
|
|
Batting: RHB Camillo Bonauiti
|
0-0: Ground out 3-1 (Groundball, 34, EV 85.0 MPH)
|
| Bottom of the 3rd over - 0 runs, 1 hit, 0 errors, 1 left on base; Niagara Falls 5 - Windy City 0 |
| TOP OF THE 4TH |
|
Niagara Falls Phantoms batting - Pitching for Windy City ThunderBolts : RHP Mike Brungardt
|
|
Batting: RHB Juan Perez
|
0-0: Foul Ball, location: 2F 0-1: Swinging Strike 0-2: Strikes out swinging
|
|
Batting: RHB Alfredo Mendez
|
0-0: Swinging Strike 0-1: Ball 1-1: Ball 2-1: Foul Ball, location: 2F 2-2: SINGLE (Line Drive, 4D, EV 100.0 MPH)
|
|
Batting: SHB Bruce Shelton
|
0-0: Called Strike Alfredo Mendez steals 2nd base 0-1: SINGLE (Groundball, 6D, EV 105.0 MPH) Alfredo Mendez to third Runner from 3rd tries for Home, throw by CF and OUT! 8-2
|
|
Batting: RHB Jonathan Feldstein
|
0-0: SINGLE (Line Drive, 3D, EV 100.6 MPH) Bruce Shelton to second
|
|
Batting: RHB Scott Cuff
|
0-0: Called Strike 0-1: Called Strike 0-2: Ball 1-2: Ball 2-2: Strikes out swinging
|
| Top of the 4th over - 0 runs, 3 hits, 0 errors, 2 left on base; Niagara Falls 5 - Windy City 0 |
| BOTTOM OF THE 4TH |
|
Windy City ThunderBolts batting - Pitching for Niagara Falls Phantoms : LHP Tony de la Cruz
|
|
Batting: SHB Danny Gallegos
|
0-0: Ball 1-0: Ball 2-0: Ball 3-0: Called Strike 3-1: Foul Ball, location: 2F 3-2: Foul Ball, location: 2F 3-2: Foul Ball, location: 2F 3-2: Base on Balls
|
|
Batting: RHB Kaoru Hamada
|
0-0: Ball 1-0: Foul Ball, location: 2F 1-1: Foul Ball, location: 2F 1-2: Ball 2-2: Foul Ball, location: 2F 2-2: Foul Ball, location: 2F 2-2: Ball 3-2: 2-RUN HOME RUN (Line Drive, 7LD, EV 93.1 MPH), Distance : 352 ft
|
|
Batting: RHB Nhat Phong
|
0-0: Ground out U3 (Groundball, 3S, EV 69.4 MPH)
|
|
Batting: RHB Miguel Pacheco
|
0-0: Ball 1-0: Ball 2-0: Swinging Strike 2-1: Called Strike 2-2: Foul Ball, location: 2F 2-2: Ball 3-2: Strikes out swinging
|
|
Batting: RHB Paul Holland
|
0-0: Called Strike 0-1: Called Strike 0-2: Foul Ball, location: 2F 0-2: Ball 1-2: Ball 2-2: Ball 3-2: Ground out 4-3 (Groundball, 4, EV 88.8 MPH)
|
| Bottom of the 4th over - 2 runs, 1 hit, 0 errors, 0 left on base; Niagara Falls 5 - Windy City 2 |
| TOP OF THE 5TH |
|
Niagara Falls Phantoms batting - Pitching for Windy City ThunderBolts : RHP Mike Brungardt
|
|
Batting: RHB Bailey Hays
|
0-0: Called Strike 0-1: Ball 1-1: Swinging Strike 1-2: Foul Ball, location: 2F 1-2: Foul Ball, location: 2F 1-2: DOUBLE (Line Drive, 7LS, EV 91.9 MPH)
|
|
Batting: RHB Jim O'Dwyer
|
0-0: Ball 1-0: Foul Ball, location: 2F 1-1: Ball 2-1: Foul Ball, location: 2F 2-2: Fly out, F8 (Line Drive, 8LD, EV 101.2 MPH)
|
|
Batting: LHB Rip Log
|
0-0: Ball 1-0: Foul Ball, location: 2F 1-1: Foul Ball, location: 2F 1-2: Foul Ball, location: 2F 1-2: Strikes out swinging
|
|
Batting: LHB Dave Ortiz
|
0-0: Ball 1-0: Ground out 4-3 (Groundball, 34D, EV 89.4 MPH)
|
| Top of the 5th over - 0 runs, 1 hit, 0 errors, 1 left on base; Niagara Falls 5 - Windy City 2 |
| BOTTOM OF THE 5TH |
|
Windy City ThunderBolts batting - Pitching for Niagara Falls Phantoms : LHP Tony de la Cruz
|
|
Batting: RHB Sim Damit
|
0-0: Ground out 5-3 (Groundball, 56S, EV 70.0 MPH)
|
|
Batting: RHB Eddie Dimas
|
0-0: Ball 1-0: SINGLE (Flyball, 89S, EV 96.9 MPH)
|
|
Batting: RHB Joe Thomas
|
0-0: Ball 1-0: Fly out, F6 (Line Drive, 6, EV 73.8 MPH)
|
|
Batting: RHB Camillo Bonauiti
|
0-0: Ball 1-0: Foul Ball, location: 2F 1-1: Ball 2-1: Ball 3-1: Called Strike 3-2: Fly out, F8 (Flyball, 8LS, EV 83.1 MPH)
|
| Bottom of the 5th over - 0 runs, 1 hit, 0 errors, 1 left on base; Niagara Falls 5 - Windy City 2 |
| TOP OF THE 6TH |
|
Niagara Falls Phantoms batting - Pitching for Windy City ThunderBolts : RHP Mike Brungardt
|
|
Batting: RHB Juan Perez
|
0-0: Fly out, F8 (Flyball, 78M, EV 91.2 MPH)
|
|
Batting: RHB Alfredo Mendez
|
0-0: Called Strike 0-1: Called Strike 0-2: Strikes out swinging
|
|
Batting: SHB Bruce Shelton
|
0-0: Ball 1-0: SINGLE (Line Drive, 7S, EV 103.8 MPH)
|
|
Batting: RHB Jonathan Feldstein
|
0-0: Called Strike 0-1: Foul Ball, location: 2F 0-2: Ground out 5-3 (Groundball, 5S, EV 84.4 MPH)
|
| Top of the 6th over - 0 runs, 1 hit, 0 errors, 1 left on base; Niagara Falls 5 - Windy City 2 |
| BOTTOM OF THE 6TH |
|
Windy City ThunderBolts batting - Pitching for Niagara Falls Phantoms : LHP Tony de la Cruz
|
|
Batting: SHB Danny Gallegos
|
0-0: Called Strike 0-1: Foul Ball, location: 2F 0-2: Ball 1-2: Ball 2-2: Ground out 6-3 (Groundball, 56D, EV 86.2 MPH)
|
|
Batting: RHB Kaoru Hamada
|
0-0: Called Strike 0-1: SINGLE (Line Drive, 9S, EV 104.4 MPH)
|
|
Batting: RHB Nhat Phong
|
0-0: Called Strike 0-1: SINGLE (Groundball, 56D, EV 99.4 MPH) Kaoru Hamada to second
|
|
Batting: RHB Miguel Pacheco
|
0-0: Swinging Strike 0-1: Foul Ball, location: 2F 0-2: Ball 1-2: Strikes out looking
|
|
Batting: RHB Paul Holland
|
0-0: Hit by Pitch Kaoru Hamada to third Nhat Phong to second
|
|
Pinch Hitting: RHB Ricky Avila
|
0-0: Swinging Strike 0-1: Foul Ball, location: 2F 0-2: Ground out 4-3 (Groundball, 4, EV 80.6 MPH)
|
| Bottom of the 6th over - 0 runs, 2 hits, 0 errors, 3 left on base; Niagara Falls 5 - Windy City 2 |
| TOP OF THE 7TH |
|
Niagara Falls Phantoms batting - Pitching for Windy City ThunderBolts : RHP Mike Brungardt
|
|
Pitching: RHP Ben Robertson
|
|
|
Now at 2B: Joe Thomas
|
|
|
Now at SS: Danny Gallegos
|
|
|
Now in RF: Ricky Avila
|
|
|
Batting: RHB Scott Cuff
|
0-0: Swinging Strike 0-1: Swinging Strike 0-2: Strikes out swinging
|
|
Batting: RHB Bailey Hays
|
0-0: Ball 1-0: Ball 2-0: Called Strike 2-1: Ground out 5-3 (Groundball, 56S, EV 84.4 MPH)
|
|
Batting: RHB Jim O'Dwyer
|
0-0: Ball 1-0: Ball 2-0: Called Strike 2-1: Ball 3-1: Base on Balls
|
|
Batting: LHB Rip Log
|
0-0: Ball 1-0: Called Strike 1-1: Foul Ball, location: 2F 1-2: Ball 2-2: Foul Ball, location: 2F 2-2: Fly out, F6 (Popup, 6MS, EV 68.8 MPH)
|
| Top of the 7th over - 0 runs, 0 hits, 0 errors, 1 left on base; Niagara Falls 5 - Windy City 2 |
| BOTTOM OF THE 7TH |
|
Windy City ThunderBolts batting - Pitching for Niagara Falls Phantoms : LHP Tony de la Cruz
|
|
Batting: RHB Eddie Dimas
|
0-0: Called Strike 0-1: Foul Ball, location: 2F 0-2: Fly out, F6 (Flyball, 56D, EV 94.4 MPH)
|
|
Batting: RHB Joe Thomas
|
0-0: Called Strike 0-1: Swinging Strike 0-2: Ball 1-2: Ball 2-2: Ball 3-2: Foul Ball, location: 2F 3-2: Ground out 1-3 (Groundball, 34S, EV 69.4 MPH)
|
|
Batting: RHB Camillo Bonauiti
|
0-0: Swinging Strike 0-1: Ball 1-1: Fly out, F9 (Flyball, 9, EV 86.9 MPH)
|
| Bottom of the 7th over - 0 runs, 0 hits, 0 errors, 0 left on base; Niagara Falls 5 - Windy City 2 |
| TOP OF THE 8TH |
|
Niagara Falls Phantoms batting - Pitching for Windy City ThunderBolts : RHP Ben Robertson
|
|
Batting: LHB Dave Ortiz
|
0-0: Foul Ball, location: 2F 0-1: Swinging Strike 0-2: Strikes out swinging
|
|
Batting: RHB Juan Perez
|
0-0: Ball 1-0: Foul Ball, location: 2F 1-1: Fly out, F9 (Flyball, 89S, EV 83.1 MPH)
|
|
Batting: RHB Alfredo Mendez
|
0-0: Called Strike 0-1: Ball 1-1: Ground out 4-3 (Groundball, 34, EV 102.5 MPH)
|
| Top of the 8th over - 0 runs, 0 hits, 0 errors, 0 left on base; Niagara Falls 5 - Windy City 2 |
| BOTTOM OF THE 8TH |
|
Windy City ThunderBolts batting - Pitching for Niagara Falls Phantoms : LHP Tony de la Cruz
|
|
Pitching: RHP Lucas Uil
|
|
|
Now in RF: Victor Reyna
|
|
|
Batting: SHB Danny Gallegos
|
0-0: Called Strike 0-1: Ground out 3-1 (Groundball, 34S, EV 66.9 MPH)
|
|
Batting: RHB Kaoru Hamada
|
0-0: Called Strike 0-1: Called Strike 0-2: Ball 1-2: Fly out, F8 (Flyball, 8LD, EV 76.2 MPH)
|
|
Pinch Hitting: RHB Donovan Deason
|
0-0: Foul Ball, location: 2F 0-1: Called Strike 0-2: Foul Ball, location: 2F 0-2: Ball 1-2: Fly out, F8 (Flyball, 8RD, EV 100.0 MPH)
|
| Bottom of the 8th over - 0 runs, 0 hits, 0 errors, 0 left on base; Niagara Falls 5 - Windy City 2 |
| TOP OF THE 9TH |
|
Niagara Falls Phantoms batting - Pitching for Windy City ThunderBolts : RHP Ben Robertson
|
|
Pitching: LHP Dave Fairn
|
|
|
Now at 3B: Donovan Deason
|
|
|
Batting: SHB Bruce Shelton
|
0-0: Called Strike 0-1: Called Strike 0-2: Ball 1-2: Ball 2-2: Foul Ball, location: 2F 2-2: Reached on error, E5 (Groundball, 56, EV 86.2 MPH)
|
|
Batting: RHB Jonathan Feldstein
|
0-0: Ball 1-0: Swinging Strike 1-1: Ball 2-1: Foul Ball, location: 2F 2-2: Foul Ball, location: 2F 2-2: Foul Ball, location: 2F 2-2: Ball 3-2: Foul Ball, location: 2F 3-2: Strikes out swinging
|
|
Batting: RHB Scott Cuff
|
0-0: Called Strike 0-1: Ball 1-1: Foul Ball, location: 2F 1-2: Strikes out looking
|
|
Batting: RHB Bailey Hays
|
0-0: Ball 1-0: Fly out, F4 (Flyball, 34D, EV 90.0 MPH)
|
| Top of the 9th over - 0 runs, 0 hits, 1 error, 1 left on base; Niagara Falls 5 - Windy City 2 |
| BOTTOM OF THE 9TH |
|
Windy City ThunderBolts batting - Pitching for Niagara Falls Phantoms : RHP Lucas Uil
|
|
Pitching: LHP Brendan Thompson
|
|
|
Now at 2B: Hui Li
|
|
|
Pinch Hitting: RHB Dave Dominguez
|
0-0: Called Strike 0-1: Ground out 4-3 (Groundball, 34, EV 96.9 MPH)
|
|
Batting: RHB Paul Holland
|
0-0: Called Strike 0-1: Ball 1-1: Called Strike 1-2: Ball 2-2: Strikes out swinging
|
|
Batting: RHB Ricky Avila
|
0-0: Ball 1-0: Foul Ball, location: 2F 1-1: Foul Ball, location: 2F 1-2: Foul Ball, location: 2F 1-2: Foul Ball, location: 2F 1-2: Foul Ball, location: 2F 1-2: Foul Ball, location: 2F 1-2: SINGLE (Groundball, 6MD, EV 106.2 MPH)
|
|
Batting: RHB Eddie Dimas
|
0-0: Ground out 4-3 (Groundball, 34, EV 92.5 MPH)
|
| Bottom of the 9th over - 0 runs, 1 hit, 0 errors, 1 left on base; Niagara Falls 5 - Windy City 2 |
|